 Dungeon Sprint DCSS version 0.26.1-11-gd32895ea62 (webtiles) character file.

Game seed: 16567935571842283955

5069 Zeld the Transmogrifier (level 10, -8/76 HPs)
             Began as an Octopode Transmuter on June 8, 2021.
             Was a High Priest of Sif Muna.
             Mangled by a tyrant leech (26 damage)
             ... in the Dungeon (Sprint IX: "|||||||||||||||||||||||||||||").
             The game lasted 00:05:47 (3850 turns).

Zeld the Transmogrifier (Octopode Transmuter)       Turns: 3850, Time: 00:05:48

Health: -8/76      AC:  3    Str: 12    XL:     10   Next: 56%
Magic:  18/24      EV: 20    Int: 16    God:    Sif Muna [*****.]
Gold:   0          SH:  0    Dex: 16    Spells: 16/30 levels left

rFire    . . .     SeeInvis .     - Unarmed
rCold    . . .     Faith    .   (shield currently unavailable)
rNeg     . . .     Spirit   .   (helmet restricted)
rPois    .         Reflect  .   (no amulet)
rElec    .         Harm     .   j - +3 ring of dexterity
rCorr    .         Rampage  .   k - +2 ring of protection
Will     .....     NoTele   +   (no ring)
Stlth    ++........             (no ring)
HPRegen  0.22/turn              (no ring)
MPRegen  0.19/turn              (no ring)
                                (no ring)
                                (no ring)

@: blade tentacles, wereblooded
A: almost no armour, stealthy swim, amphibious, 8 rings, constrict 8, camouflage
1, gelatinous body 1
a: End Transformation, Renounce Religion, Channel Magic, Forget Spell, Divine
Exegesis


You were in the Dungeon.
You worshipped Sif Muna.
Sif Muna was extremely pleased with you.
You had blades for tentacles.
You visited 1 branch

Inventory:

Jewellery
 j - a +3 ring of dexterity (left scythe-like blade)
 k - a +2 ring of protection (right scythe-like blade)
Wands
 i - a wand of iceblast (10)
Scrolls
 f - 4 scrolls of remove curse
 h - a scroll of amnesia
 o - a scroll of holy word
 p - a scroll of fear
 q - 2 scrolls of enchant weapon
 r - 4 scrolls of enchant armour
Potions
 a - a potion of invisibility
 b - 5 potions of curing
 c - 2 potions of berserk rage
 d - a potion of haste
 e - 4 potions of magic
 l - a potion of brilliance
 m - 2 potions of heal wounds
Miscellaneous
 n - a lightning rod (4/4)


   Skills:
 + Level 9.8 Fighting
 + Level 10.1 Dodging
 - Level 3.0 Unarmed Combat
 + Level 10.8 Spellcasting
 * Level 13.4 Transmutations
 * Level 11.3 Invocations


You had 16 spell levels left.
You knew the following spells:

 Your Spells              Type           Power        Failure   Level
a - Wereblood             Tmut           51%          6%          2
b - Spider Form           Tmut/Pois      15%          19%         3
c - Ice Form              Ice/Tmut       30%          34%         4
d - Blade Hands           Tmut           25%          14%         5

Your spell library contained the following spells:

 Spells                   Type           Power        Failure   Level
 Beastly Appendage        Tmut           100%         4%          1
 Searing Ray              Conj           16%          52%         2
 Cause Fear               Hex            4%           93%         4
 Iskenderun's Mystic Bla  Conj/Tloc      8%           93%         4
 Summon Lightning Spire   Summ/Air       8%           93%         4
 Ozocubu's Refrigeration  Ice            4%           100%        6
 Shadow Creatures         Summ           N/A          100%        6
 Spellforged Servitor     Conj/Summ      4%           100%        7


Dungeon Overview and Level Annotations

Branches:
Dungeon (1/1)

Altars:
Cheibriados
Dithmenos
Elyvilon
Fedhas
Gozag
Hepliaklqana
Kikubaaqudgha
Makhleb
Nemelex Xobeh
Okawaru
Qazlal
Ru
Sif Muna
Trog
Uskayaw
Vehumet
Wu Jian
Xom
Yredelemnul
Zin
The Shining One
Beogh
Jiyva
Lugonu


Innate Abilities, Weirdness & Mutations

You cannot wear most types of armour.
You are very stealthy in the water. (Stealth+)
You are amphibious.
You can wear up to eight rings at the same time.
You can use your tentacles to constrict eight enemies at once.
Your skin changes colour to match your surroundings (Stealth+).
Your rubbery body absorbs attacks. (AC +1, EV +1)


Message History

The cane toad completely misses you.
You slice the cane toad!!
The cane toad is almost dead.
You constrict the cane toad.
You kill the cane toad!
Sif Muna accepts your kill.
Unknown command.
You slash the tyrant leech!
The tyrant leech is moderately wounded.
The tyrant leech closely misses you.
You hit the tyrant leech but do no damage.
The tyrant leech is moderately wounded.
The tyrant leech misses you.
You slice the tyrant leech!! Your squeeze misses the tyrant leech.
The tyrant leech is severely wounded.
You hit the tyrant leech but do no damage.
You squeeze the tyrant leech.
The tyrant leech is severely wounded.
The tyrant leech bites you!!
You die...

▓▓▓▓▓▓▓▓▓▓▓▓▓▓▓▓▓▓▓▓▓▓▓▓▓▓▓▓▓▓▓▓▓
..'!....(.......@w........'†y....
▓▓▓▓▓▓▓▓▓▓▓▓▓▓▓▓▓▓▓▓▓▓▓▓▓▓▓▓▓▓▓▓▓
.................................
▓▓▓▓▓▓▓▓▓▓▓▓▓▓▓▓▓▓▓▓▓▓▓▓▓▓▓▓▓▓▓▓▓
(..(()†....'_____________________
▓▓▓▓▓▓▓▓▓▓▓▓▓▓▓▓▓▓▓▓▓▓▓▓▓▓▓▓▓▓▓▓▓


You could see a tyrant leech.

Vanquished Creatures
  An ugly thing (D)
  2 torpor snails (D)
  A black mamba (D)
  2 cane toads (D)
  A komodo dragon (D)
  A tyrant leech (D)
  3 blink frogs (D)
  A hornet (D)
  A dream sheep (D)
  A wraith (D)
  3 wyverns (D)
  3 yaks (D)
  3 water moccasins (D)
  A sky beast (D)
  An ice beast (D)
  A centaur (D)
  3 bullfrogs (D)
  A howler monkey (D)
  A hound (D)
  An adder zombie (D)
  2 leopard geckos (D)
  2 orcs (D)
  A bat zombie (D)
  A giant cockroach (D)
  A goblin (D)
  A quokka (D)
  A frilled lizard (D)
  A leopard gecko skeleton (D)
  A rat (D)
43 creatures vanquished.

Notes
Turn   | Place    | Note
-------+----------+-------------------------------------------
     0 | D        | Zeld the Octopode Transmuter began the quest for the Orb.
     0 | D        | Reached XP level 1. HP: 13/13 MP: 3/3
    16 | D        | Reached XP level 2. HP: 18/19 MP: 2/5
    19 | D        | Learned a level 2 spell: Wereblood
    51 | D        | Noticed a howler monkey
    51 | D        | Noticed an ice beast
    54 | D        | Killed a howler monkey
    55 | D        | Reached skill level 4 in Transmutations
    55 | D        | Reached XP level 3. HP: 25/25 MP: 2/8
    58 | D        | Killed an ice beast
    59 | D        | Reached skill level 5 in Spellcasting
    59 | D        | Reached skill level 5 in Transmutations
    59 | D        | Reached XP level 4. HP: 33/33 MP: 2/11
    59 | D        | Reached XP level 5. HP: 37/37 MP: 2/13
   100 | D        | Found a roughly hewn altar of Beogh.
   100 | D        | Found a snail-covered altar of Cheibriados.
   100 | D        | Found a shadowy altar of Dithmenos.
   100 | D        | Found a white marble altar of Elyvilon.
   100 | D        | Found a blossoming altar of Fedhas.
   100 | D        | Found an opulent altar of Gozag.
   126 | D        | Found a hazy altar of Hepliaklqana.
   203 | D        | Found a viscous altar of Jiyva.
   304 | D        | Found an ancient bone altar of Kikubaaqudgha.
   305 | D        | Found a corrupted altar of Lugonu.
   306 | D        | Found a burning altar of Makhleb.
   307 | D        | Found a sparkling altar of Nemelex Xobeh.
   308 | D        | Found an iron altar of Okawaru.
   309 | D        | Found a stormy altar of Qazlal.
   310 | D        | Found a sacrificial altar of Ru.
   311 | D        | Found a shimmering blue altar of Sif Muna.
   312 | D        | Found a bloodstained altar of Trog.
   313 | D        | Found a hide-covered altar of Uskayaw.
   314 | D        | Found a radiant altar of Vehumet.
   315 | D        | Found an ornate altar of the Wu Jian Council.
   316 | D        | Found a shimmering altar of Xom.
   317 | D        | Found a basalt altar of Yredelemnul.
   318 | D        | Found a glowing silver altar of Zin.
   319 | D        | Became a worshipper of Sif Muna the Loreminder
   324 | D        | Learned a level 3 spell: Spider Form
   329 | D        | Learned a level 4 spell: Ice Form
   335 | D        | Learned a level 5 spell: Blade Hands
   335 | D        | Found a glowing golden altar of the Shining One.
   462 | D        | Noticed a hornet
   462 | D        | Noticed a wraith
   462 | D        | Noticed a sky beast
   465 | D        | Killed a hornet
   466 | D        | Reached skill level 5 in Fighting
   466 | D        | Reached skill level 5 in Dodging
   466 | D        | Reached skill level 7 in Transmutations
   466 | D        | Reached XP level 6. HP: 37/45 MP: 9/16
   469 | D        | Reached * piety under Sif Muna
   471 | D        | Killed a wraith
   472 | D        | Reached skill level 8 in Transmutations
   472 | D        | Reached XP level 7. HP: 26/51 MP: 10/18
   971 | D        | Reached ** piety under Sif Muna
   972 | D        | Reached skill level 9 in Transmutations
  1116 | D        | Noticed a yak
  1116 | D        | Noticed a yak
  1116 | D        | Noticed a cyan ugly thing
  1121 | D        | Killed a yak
  1176 | D        | Killed a yak
  1177 | D        | Reached XP level 8. HP: 27/58 MP: 14/20
  1182 | D        | Killed a cyan ugly thing
  1183 | D        | Reached skill level 10 in Transmutations
  1183 | D        | Reached skill level 5 in Invocations
  1183 | D        | Reached *** piety under Sif Muna
  1522 | D        | Noticed a yak
  1522 | D        | Noticed a blink frog
  1522 | D        | Noticed a komodo dragon
  1522 | D        | Noticed a blink frog
  1524 | D        | Noticed a wyvern
  1532 | D        | Killed a yak
  1532 | D        | Reached **** piety under Sif Muna
  1532 | D        | Noticed a wyvern
  1533 | D        | Reached skill level 11 in Transmutations
  1535 | D        | Reached XP level 9. HP: 50/66 MP: 15/22
  1536 | D        | Noticed a black mamba
  1538 | D        | Killed a komodo dragon
  1542 | D        | Reached ***** piety under Sif Muna
  1810 | D        | Identified Dispater's Guide on Creative Battle Magic (Sif
                  | Muna gifted it to you in the Dungeon)
  1810 | D        | Received a gift from Sif Muna
  1811 | D        | Reached skill level 10 in Spellcasting
  1813 | D        | Reached skill level 12 in Transmutations
  1829 | D        | Killed a black mamba
  2199 | D        | Noticed a cane toad
  2199 | D        | Noticed a torpor snail
  2205 | D        | Noticed a torpor snail
  2469 | D        | Reached XP level 10. HP: 74/74 MP: 18/24
  2473 | D        | Killed a cane toad
  2474 | D        | Reached skill level 10 in Invocations
  2581 | D        | Killed a torpor snail
  2581 | D        | Identified Sif Muna's Papyrus of the Snowflakes and
                  | Enchantment (Sif Muna gifted it to you in the Dungeon)
  2581 | D        | Received a gift from Sif Muna
  3042 | D        | Killed a torpor snail
  3043 | D        | Reached skill level 13 in Transmutations
  3417 | D        | Noticed a cane toad
  3422 | D        | Noticed a cane toad
  3845 | D        | Reached skill level 10 in Dodging
  3846 | D        | Killed a cane toad
  3850 | D        | Mangled by a tyrant leech

Illustrated notes

Levels and vault maps discovered:
D:        linesprint [early_d, line_temple, items_1, d_10, items_2, lair_1,
          lair_end, items_3, orc_1, orc_end, items_4, d_15, swamp_1, shoals_1,
          snake_1, spider_1, d_20, vaults_1, items_5, swamp_end, shoals_end,
          snake_end, spider_end, vaults_end, d_27, items_6, zot_1, zot_end,
          crypt_end, forest_end, elf_end, slime_end, tomb_end, abyss_end,
          pan_hell_end]

Skill      XL: |  1  2  3  4  5  6  7  8  9 10 |
---------------+-------------------------------+-----
Fighting       | 2 3 5 6 7 9 |  9.8
Dodging        | 3 4 5 6 7 8 9 10 | 10.1
Spellcasting   | 4 5 7 8 9 10 | 10.8
Transmutations | 4 5 7 8 9 11 12 13 | 13.4
Invocations    | 4 7 9 11 | 11.3
Unarmed Combat | |  3.0

Action                   |  1- 3 |  4- 6 |  7- 9 | 10-12 || total
-------------------------+-------+-------+-------+-------++-------
Melee: Unarmed           |    15 |    10 |    78 |    50 ||   153
       Constrict         |     6 |     3 |     7 |     2 ||    18
       Tentacles         |     2 |       |    11 |    11 ||    24
       Kick              |     3 |     1 |       |       ||     4
       Punch             |       |     1 |     2 |       ||     3
 Cast: Beastly Appendage |     2 |       |       |       ||     2
       Wereblood         |     1 |       |     3 |     1 ||     5
       Blade Hands       |       |     1 |    10 |     5 ||    16
       Spider Form       |       |       |     1 |     1 ||     2
  Use: Potion            |     1 |       |     3 |       ||     4
       Scroll            |       |       |     2 |     1 ||     3
 Stab: Sleeping          |       |     1 |       |       ||     1
Armor: Skin              |       |       |     8 |       ||     8
Dodge: Dodged            |    10 |     1 |    81 |    38 ||   130
